 Dungeon Crawl Stone Soup version 0.30-a0-404-g0b3c3f4973 (webtiles) character file.

Game seed: 13195090689856261334

3195 funkygono the Magician (level 9, -3/59 HPs)
             Began as a Demonspawn Fire Elementalist on Dec 7, 2022.
             Was a Follower of Vehumet.
             Slain by a troll (7 damage)
             ... on level 11 of the Dungeon.
             The game lasted 00:16:03 (8599 turns).

funkygono the Magician (DsFE)                       Turns: 8599, Time: 00:16:04

Health: -3/59      AC: 11    Str:  8    XL:     9   Next: 64%
Magic:  0/20       EV: 15    Int: 22    God:    Vehumet [*.....]
Gold:   1092       SH:  5    Dex: 13    Spells: 13/23 levels left

rFire   . . .      SeeInvis .    A - +2 whip (freeze)
rCold   . . .      Faith    .    (no shield)
rNeg    . . .      Spirit   .    t - +3 leather armour
rPois   .          Reflect  +    d - +0 helmet
rElec   .          Harm     .    (no cloak)
rCorr   .          Rampage  .    (no gloves)
Will    .....                    (no boots)
Stlth   ++........               l - amulet of reflection
HPRegen 0.29/turn                j - +4 ring of protection
MPRegen 0.17/turn                (no ring)

@: no status effects
A: repulsion field 2, powered by pain 1, condensation shield, demonic touch 2
a: Renounce Religion


You were on level 11 of the Dungeon.
You worshipped Vehumet.
Vehumet was aware of your devotion.
You visited 1 branch of the dungeon, and saw 9 of its levels.
You also visited: Ossuary.

You collected 1132 gold pieces.
You spent 40 gold pieces at shops.

Inventory:

Hand Weapons
 e - a +0 whip of electrocution
 g - a +1 whip of venom
 i - a +0 long sword
 p - a +0 whip of flaming
 A - a +2 whip of freezing (weapon)
 L - a +1 great sword
Armour
 a - a +0 robe
 d - a +0 helmet (worn)
 t - a +3 leather armour (worn)
Jewellery
 h - a +4 ring of evasion
 j - a +4 ring of protection (left hand)
 l - an amulet of reflection (around neck)
 r - an amulet of faith
Wands
 f - a wand of roots (4)
 s - a wand of polymorph (13)
 y - a wand of mindburst (18)
 I - a wand of paralysis (13)
Scrolls
 m - 3 scrolls of blinking
 q - 5 scrolls of teleportation
 B - a scroll of amnesia
 G - a scroll of silence
Potions
 b - 2 potions of magic
 c - 5 potions of curing
 k - 3 potions of heal wounds
 n - 2 potions of ambrosia
 o - 3 potions of haste
 u - a potion of attraction
 v - 3 potions of resistance
 w - a potion of might
 x - 2 potions of mutation
 C - 4 potions of lignification
 D - 3 potions of cancellation
 E - a potion of flight
 F - a potion of invisibility {unknown}
 H - a potion of brilliance {unknown}


   Skills:
 + Level 1.0 Fighting
 + Level 1.6 Maces & Flails
 + Level 3.3 Armour
 + Level 3.1 Dodging
 - Level 1.7 Stealth
 + Level 2.2 Shields
 + Level 7.5 Spellcasting
 + Level 5.2 Conjurations
 + Level 0.1 Translocations
 + Level 7.3 Fire Magic


You had 13 spell levels left.
You knew the following spells:

 Your Spells              Type           Power      Damage    Failure   Level
a - Foxfire               Conj/Fire      100%       2x1d9     1%          1
b - Scorch                Fire           80%        2d9       1%          2
c - Flame Wave            Conj/Fire      36%        2d10      9%          4
d - Momentum Strike       Conj/Tloc      40%        3d9       5%          2
e - Shock                 Conj/Air       76%        1d7       3%          1

Your spell library contained the following spells:

 Spells                   Type           Power      Damage    Failure   Level
 Magic Dart               Conj           100%       1d8       1%          1
 Searing Ray              Conj           62%        2d6       1%          2
 Inner Flame              Hex/Fire       24%        N/A       8%          3
 Apportation              Tloc           16%        N/A       11%         1
 Dazzling Flash           Conj/Hex       38%        N/A       11%         3
 Kindle Blastsparks       Fire/Tloc/Air  38%        2d13      12%         3
 Blink                    Tloc           16%        N/A       16%         2
 Lesser Beckoning         Tloc           16%        N/A       30%         3
 Call Canine Familiar     Summ           8%         N/A       32%         3
 Portal Projectile        Hex/Tloc       16%        N/A       32%         3
 Fulminant Prism          Conj/Hex       9%         3d6       36%         4
 Leda's Liquefaction      Hex/Erth       4%         N/A       73%         4
 Agony                    Necr           8%         N/A       97%         5
 Alistair's Intoxication  Tmut/Pois      5%         N/A       97%         5
 Silence                  Hex/Air        4%         N/A       97%         5


Dungeon Overview and Level Annotations

Branches:
Dungeon (8/15)             Temple (0/1) D:6            Lair (0/5) D:8
Ossuary (visited)

Altars:
Hepliaklqana
Okawaru
Qazlal
Sif Muna
Vehumet
Wu Jian
Xom

Shops:
D:2 ?

Annotations:
D:6 1 runed translucent door, Boomshaker's ghost, weakling DsDe


Innate Abilities, Weirdness & Mutations

You are surrounded by a moderate repulsion field. (EV +3)
You sometimes gain a little power by taking damage.
A meltable shield of frost defends you. (SH +0)
Your touch may inflict irresistible damage on your foes.


Message History

Flames lash the troll.
The troll is moderately wounded.
The troll's fire resistance burns away.
The foxfire hits the troll but does no damage.
The troll is moderately wounded.
Unknown command.
Casting: Scorch (safe; 1% risk of failure)
Confirm with . or Enter, or press ? or * to list all spells.
You conjure some foxfire!
You block the troll's attack. The troll claws you but does no damage.
The troll claws you.
Your magical contamination has completely faded away.
Casting: Foxfire (safe; 1% risk of failure)
Confirm with . or Enter, or press ? or * to list all spells.
Flames lash the troll.
The troll is burned terribly!
The troll is heavily wounded.
The foxfire hits the troll.
The troll is heavily wounded.
The foxfire hits the troll but does no damage.
The troll is heavily wounded.
The troll bites you. The troll claws you. x2
* * * LOW HITPOINT WARNING * * *
You barely miss the troll. Your touch misses the troll.
The troll is heavily wounded.
You block the troll's attack. The troll barely misses you.
The troll closely misses you.
Casting: Scorch (safe; 1% risk of failure)
Confirm with . or Enter, or press ? or * to list all spells.
You conjure some foxfire!
The troll bites you!
* * * LOW HITPOINT WARNING * * *
You block the troll's attack. The troll closely misses you.
Casting: Foxfire (safe; 1% risk of failure)
Confirm with . or Enter, or press ? or * to list all spells.
Flames lash the troll.
The troll is burned terribly!
The troll is heavily wounded.
The foxfire hits the troll but does no damage.
The troll is heavily wounded.
The foxfire hits the troll!
The troll is burned terribly!
The troll is severely wounded.
The troll bites you!
You die...

***+***,,*,,,,,,,,,#.............
,,,,,,,,,*,,,,,,,,,#.............
,,,,,,,,,*,,,,,,,,,#.............
,,,,,,,,,###########.............
,,,,,,,,,........................
******,,,........#####++##+###...
,,,,,*,,,........#,....>,,,,,#...
,,,,,*,,,......T)#......,,,**#...
,,,,,*,,,......)@ยง......,,,*,....
,,,,,*,,,......))#......,,,*,....
,,,,,*,,*#+#+##..#,.....,,,*,....
,,,,,*,,*,,,,,#..#,,....,***,,,,,
,,,,,*,,*,,,,,#..#***###**,,,,,,,
,,,,,*,,*,,,,,#...,,,,,,,,,,,,,,,
,,,,,*,,*,,,,,#...,,,,,,,,,,,,,,,
,,,,,*,,*,,,,,#...,,,,,,,,,,,,,,,
,,,,,*,,**,,,,**,,,,,,,,,,,,,,,,,


You could see a troll (combustible).

Vanquished Creatures
  Pikel (D:5)
  A steam dragon (D:8)
  2 wargs (D:8)
  An acid dragon (D:11)
  An orc warrior (D:8)
  A sky beast (D:7)
  An ice beast (D:5)
  3 ogres
  A lemure (D:5)
  2 bullfrogs
  6 scorpions
  3 wights (D:7)
  3 killer bees
  An electric eel (D:7)
  3 hounds
  2 orc priests
  4 jellies
  Jessica (D:3)
  Natasha (thrice) (D:2)
  2 iguanas
  6 orc wizards
  8 mummies (Ossuary)
  4 gnolls (D:4)
  7 adders
  A shadow imp (D:5)
  2 white imps (D:6)
  3 ufetubi
  2 worms
  2 dart slugs (D:2)
  16 orcs
  11 ball pythons
  4 bats
  4 endoplasms
  2 giant cockroaches
  11 goblins
  12 hobgoblins
  7 jackals
  4 quokkas
  3 frilled lizards
  3 gnoll zombies (Ossuary)
  6 kobolds
  2 kobold zombies (Ossuary)
  3 orc zombies (Ossuary)
  2 rats
167 creatures vanquished.

Vanquished Creatures (others)
  A wight (D:7)
  521 foxfires
  2 fungi (D:2)
524 creatures vanquished.

Grand Total: 691 creatures vanquished

Notes
Turn   | Place    | Note
-------+----------+-------------------------------------------
     0 | D:1      | funkygono the Demonspawn Fire Elementalist began the quest
                  | for the Orb.
     0 | D:1      | Reached XP level 1. HP: 13/13 MP: 3/3
   110 | D:1      | Gained mutation: Your touch may inflict minor irresistible
                  | damage on your foes. [demonic ancestry]
   110 | D:1      | Reached XP level 2. HP: 16/19 MP: 0/5
   324 | D:1      | Learned a level 2 spell: Scorch
  1147 | D:2      | Gained mutation: A meltable shield of frost defends you.
                  | (SH +0) [demonic ancestry]
  1147 | D:2      | Reached XP level 3. HP: 23/25 MP: 0/6
  1428 | D:2      | Noticed Natasha
  1439 | D:2      | Killed Natasha
  1548 | D:2      | Gained mutation: You are surrounded by a mild repulsion
                  | field. (EV +2) [demonic ancestry]
  1548 | D:2      | Reached XP level 4. HP: 31/31 MP: 4/7
  1757 | D:2      | Found Foer Tek's Magic Scroll Shoppe.
  1780 | D:2      | Bought a scroll of identify for 20 gold pieces
  1780 | D:2      | Bought a scroll of identify for 20 gold pieces
  1808 | D:2      | Noticed Natasha
  1814 | D:2      | Killed Natasha
  1897 | D:2      | Found a faded altar of an unknown god.
  2384 | D:2      | Noticed Natasha
  2390 | D:2      | Killed Natasha
  2391 | D:2      | Gained mutation: Your touch may inflict irresistible damage
                  | on your foes. [demonic ancestry]
  2391 | D:2      | Reached XP level 5. HP: 36/36 MP: 3/9
  2450 | D:2      | Learned a level 4 spell: Flame Wave
  2713 | D:3      | Noticed Jessica
  2716 | D:3      | Killed Jessica
  2799 | D:3      | Found a shimmering blue altar of Sif Muna.
  3620 | D:4      | Gained mutation: You are surrounded by a moderate repulsion
                  | field. (EV +3) [demonic ancestry]
  3620 | D:4      | Reached XP level 6. HP: 42/42 MP: 7/10
  3847 | D:4      | Found a sand-covered staircase.
  3870 | Ossuary  | Entered an ossuary
  4607 | D:4      | Found a radiant altar of Vehumet.
  4615 | D:4      | Became a worshipper of Vehumet
  5071 | D:4      | Learned a level 2 spell: Momentum Strike
  5117 | D:5      | Entered Level 5 of the Dungeon
  5175 | D:5      | Reached skill level 1 in Maces & Flails
  5216 | D:5      | Gained mutation: You sometimes gain a little power by
                  | taking damage. [demonic ancestry]
  5216 | D:5      | Reached XP level 7. HP: 47/47 MP: 7/12
  5290 | D:5      | Reached skill level 1 in Armour
  5402 | D:5      | Reached skill level 5 in Fire Magic
  5659 | D:5      | Reached skill level 5 in Spellcasting
  6005 | D:5      | Reached XP level 8. HP: 53/53 MP: 11/15
  6116 | D:5      | Identified a scroll of acquirement
  6116 | D:5      | Acquired 487 gold pieces
  6225 | D:6      | Noticed Pikel
  6407 | D:5      | Killed Pikel
  6408 | D:5      | Reached skill level 1 in Fighting
  6408 | D:5      | Reached skill level 1 in Shields
  6938 | D:6      | Found a stormy altar of Qazlal.
  6952 | D:6      | Found an iron altar of Okawaru.
  7093 | D:6      | Found a runed translucent door.
  7095 | D:6      | Noticed Boomshaker's ghost (weakling DsDe)
  7197 | D:6      | Found a staircase to the Ecumenical Temple.
  7431 | D:7      | Found a shimmering altar of Xom.
  7455 | D:7      | Reached XP level 9. HP: 59/59 MP: 14/18
  7865 | D:7      | Found a hazy altar of Hepliaklqana.
  7893 | D:7      | Found an ornate altar of the Wu Jian Council.
  7956 | D:7      | Reached * piety under Vehumet
  7956 | D:7      | Offered knowledge of Shock by Vehumet.
  7959 | D:7      | Learned a level 1 spell: Shock
  8354 | D:8      | Reached skill level 5 in Conjurations
  8554 | D:8      | Found a staircase to the Lair.
  8565 | D:8      | You fall into a shaft and drop 3 floors!
  8587 | D:11     | Noticed a troll
  8599 | D:11     | Slain by a troll

Illustrated notes

Levels and vault maps discovered:
D:1:      ebering_hopf_link, layout_basic, dreamdust_princess_bridge
D:2:      layout_loops_ring, shapermc_ecumenical_altar_ellora, serial_shops,
          nicolae_square_shop, uniq_natasha
D:3:      layout_rooms, amcnicky_altar_gilded, serial_corexii_hall,
          corexii_hall_statues_t, corexii_hall_statues_s, uniq_jessica
D:4:      nicolae_BIG_FREAKIN_CUBE, layout_cave_pools, nicolae_vehumet_radiance,
          nicolae_ossuary_entry_false_entrances, kennysheep_windowed_goal
D:5:      layout_loops_ring
D:6:      layout_cave_pools, kennysheep_little_box,
          mainiacjoe_overflow_catch_the_wave, minmay_temple_entry_fiery,
          ebering_ghost_inner_flame, uniq_pikel
D:7:      layout_basic, mainiacjoe_overflow_brackets,
          mainiacjoe_overflow_tiny_flanked, nicolae_overflow_squiral,
          lightli_corner_chamber
D:8:      layout_gridville, erik_lair_orcish_takeover, corexii_checkpoint_b
D:11:     layout_irregular_city, portal_ice_cave_entry_ice_simulacra,
          uniq_amaemon, uniq_erica

Skill      XL: |  1  2  3  4  5  6  7  8  9 |
---------------+----------------------------+-----
Dodging        | 2 3 |  3.1
Fire Magic     | 3 4 5 6 7 |  7.3
Conjurations   | 2 3 4 5 |  5.2
Spellcasting   | 3 5 6 7 |  7.5
Maces & Flails | 1 |  1.6
Armour         | 2 3 |  3.3
Fighting       | 1 |  1.0
Shields        | 2 |  2.2
Stealth        | |  1.7
Translocations | |  0.1

Action                   |  1- 3 |  4- 6 |  7- 9 || total
-------------------------+-------+-------+-------++-------
Melee: Touch             |     7 |     3 |     4 ||    14
       Whip              |    11 |    28 |    36 ||    75
       Unarmed           |     3 |       |       ||     3
 Cast: Foxfire           |    45 |   136 |   130 ||   311
       Scorch            |     2 |    13 |    42 ||    57
       Flame Wave        |       |       |     5 ||     5
       Momentum Strike   |       |       |     3 ||     3
  Use: Scroll            |       |    17 |     7 ||    24
       Potion            |       |       |     1 ||     1
Armor: Robe              |    14 |     1 |       ||    15
       Leather armour    |       |     4 |    20 ||    24
Dodge: Dodged            |    54 |    21 |    67 ||   142
Block: Other             |     1 |     6 |    53 ||    60

Table legend: (Time is in decaauts)
 A = Elapsed time spent in this place.
 B = Non-inter-level travel time spent in this place.
 C = Inter-level travel time spent in this place.
 D = Time resting spent in this place.
 E = Time spent auto-exploring this place.
 F = Levels seen in this place.
 G = Mean time per level.
                   A        B        C        D        E       F      G
               +--------+--------+--------+--------+--------+-----+--------+
         Total |   8613 |   8425 |    188 |    543 |   6135 |  10 |  861.3 |
       Dungeon |   8048 |   7860 |    188 |    484 |   5740 |   9 |  894.2 |
       Ossuary |    565 |    565 |      0 |     59 |    395 |   1 |  565.0 |
               +--------+--------+--------+--------+--------+-----+--------+

Top non-repeatable levels by time:
     D:5: 1390 daAuts
     D:2: 1339 daAuts
     D:1: 1191 daAuts
     D:4: 1158 daAuts
     D:7: 993 daAuts
     D:3: 873 daAuts
     D:6: 816 daAuts
 Ossuary: 565 daAuts
     D:8: 251 daAuts
    D:11: 33 daAuts
